 Dungeon Crawl Stone Soup version 0.14-a0-3247-g5fd345f (webtiles) character file.

1546 Psiweapon the Quickloader (level 8, 0/72 HPs)
             Began as a Kobold Hunter on Mar 12, 2014.
             Succumbed to poison (a potion of poison)
             ... on Level 7 of the Dungeon.
             The game lasted 00:22:18 (5548 turns).

Psiweapon the Quickloader (Kobold Hunter)           Turns: 5548, Time: 00:22:19

HP   0/72        AC 24     Str 12      XL: 8   Next: 83%
MP   8/8         EV  1     Int  9      God:
Gold 271         SH  0     Dex 17      Spells:  1 memorised,  6 levels left

rFire  . . .     SeeInvis .     a - +0,-2 short sword
rCold  . . .     Clarity  .     d - melded +0 leather armour
rNeg   + + +     Conserve .     (no shield)
rPois  +         rCorr    .     (no helmet)
rElec  .         rRot     .     (cloak currently unavailable)
SustAb . .       Spirit   .     o - melded +2 pair of gloves
rMut   .         Warding  .     (boots currently unavailable)
Saprov + + .     NoTele   +     (no amulet)
MR     .....                    (no ring)
                                (no ring)

@: tree-form, lethally poisoned, very slightly contaminated, hasted, very quick,
not resistant to hostile enchantments, fairly stealthy
A: disease resistance, carnivore 3, saprovore 2
a: no special abilities


You were on level 7 of the Dungeon.
You were not hungry.
You were an animated tree.
You visited 1 branch of the dungeon, and saw 7 of its levels.

You collected 271 gold pieces.

Inventory:

Hand weapons
 a - a +0,-2 short sword (weapon)
 b - a +2,+1 crossbow
 i - a +0,+0 bow
 z - a +0 blowgun
Missiles
 p - 24 poisoned needles
 x - 63 arrows
 A - 7 stones (quivered)
Armour
 d - a +0 leather armour (melded)
 k - a -2 leather armour of fire resistance
 o - a +2 pair of gloves (melded)
Magical devices
 w - a wand of lightning (0)
 y - a wand of confusion (5)
Comestibles
 f - 5 meat rations
Scrolls
 e - a scroll of amnesia {unknown}
 l - a scroll of magic mapping {unknown}
 m - 4 scrolls of remove curse
 n - 2 scrolls of fear {unknown}
 q - a scroll of blinking
 t - a scroll of fog
Books
 r - a book of Power

   Spells                             Type                      Level
   Fulminant Prism                    Conjuration/Hexes            4
   Iskenderun's Mystic Blast          Conjuration                  4
   Venom Bolt                         Conjuration/Poison           5
   Bolt of Magma                      Conjuration/Fire/Earth       5
   Iron Shot                          Conjuration/Earth            6
   Orb of Destruction                 Conjuration                  7
 v - a book of Debilitation

   Spells                             Type                      Level
   *Corona                            Hexes                        1
   Slow                               Hexes                        2
   Inner Flame                        Hexes/Fire                   3
   Enslavement                        Hexes                        4
   Cause Fear                         Hexes                        4
   Leda's Liquefaction                Hexes/Earth                  4


   Skills:
 + Level 4.8 Fighting
 - Level 11.4 Crossbows
 + Level 2.1 Throwing
 - Level 2.4 Dodging
 - Level 1.3 Stealth


You had 6 spell levels left.
You knew the following spells:

 Your Spells              Type           Power        Failure   Level  Hunger
a - Corona                Hex            #......      38%         1    N/A

Dungeon Overview and Level Annotations

Branches:
Dungeon (7/15)
 Temple: D:4-7

Altars:
Ashenzari
Fedhas
Okawaru
Trog
Zin

Annotations:
D:7 Psiweapon's ghost, experienced KoHu


Innate Abilities, Weirdness & Mutations

You recuperate from illness quickly.
You are small and have problems with some larger weapons.
You are carnivorous and can eat meat at any time.
You can eat rotten meat.


Message History

You feel sick.
Psiweapon's ghost hits you but does no damage.
You hit Psiweapon's ghost but do no damage.
Psiweapon's ghost is heavily damaged.
* * * LOW HITPOINT WARNING * * *
You feel sick.
Psiweapon's ghost hits you but does no damage.
You closely miss Psiweapon's ghost.
Psiweapon's ghost is heavily damaged.
Psiweapon's ghost hits you but does no damage.
You hit Psiweapon's ghost but do no damage.
Psiweapon's ghost is heavily damaged.
* * * LOW HITPOINT WARNING * * *
You feel sick.
You hit Psiweapon's ghost but do no damage.
Psiweapon's ghost is heavily damaged.
Psiweapon's ghost hits you but does no damage.
You hit Psiweapon's ghost but do no damage.
Psiweapon's ghost is heavily damaged.
You die...

... #.# #(# #(#
)(# #.# # #.# #.
#p# #/##♣##
####.....#
.........#######.
.................
#.##.###.########
#..............#
#.##.###.######.#
#.# #.# #.# #.#


You could see Psiweapon's ghost.

Vanquished Creatures
  Edmund (D:5)
  An orc warrior (D:6)
  2 ice beasts
  A centaur (D:5)
  A giant frog (D:6)
  2 scorpions
  A jelly (D:7)
  2 crimson imps
  A gnoll shaman (D:5)
  3 orc priests
  2 hounds
  An orc wizard (D:5)
  An iguana (D:4)
  A worker ant (D:5)
  8 gnolls
  6 adders
  3 giant mites
  An inept item mimic (D:4)
  3 worms
  An orc skeleton (D:4)
  An ooze (D:4)
  19 orcs
  6 giant cockroaches
  15 hobgoblins
  9 jackals
  11 kobolds
  2 quokkas
  A ball python (D:2)
  14 bats
  A giant gecko (D:4)
  8 giant newts
  12 goblins
  A hobgoblin skeleton (D:4)
  14 rats
156 creatures vanquished.

Notes
Turn   | Place    | Note
--------------------------------------------------------------
     0 | D:1      | Psiweapon, the Kobold Hunter, began the quest for the Orb.
     0 | D:1      | Reached XP level 1. HP: 12/12 MP: 1/1
    73 | D:1      | Reached skill level 5 in Crossbows
   139 | D:1      | Reached XP level 2. HP: 16/16 MP: 2/2
   423 | D:1      | Reached XP level 3. HP: 20/20 MP: 3/3
   727 | D:2      | Reached skill level 6 in Crossbows
   839 | D:2      | Reached XP level 4. HP: 25/25 MP: 4/4
   844 | D:2      | Found a blossoming altar of Fedhas.
   855 | D:2      | Found a shattered altar of Ashenzari.
  1200 | D:2      | Reached skill level 7 in Crossbows
  1262 | D:2      | Found a bloodstained altar of Trog.
  1262 | D:2      | Found an iron altar of Okawaru.
  1500 | D:3      | Reached XP level 5. HP: 29/29 MP: 5/5
  2323 | D:4      | Reached skill level 8 in Crossbows
  2637 | D:4      | Reached XP level 6. HP: 32/34 MP: 6/6
  2930 | D:4      | Noticed an ice beast
  2939 | D:4      | Killed an ice beast
  2939 | D:4      | Reached skill level 9 in Crossbows
  3225 | D:4      | Found a glowing silver altar of Zin.
  3337 | D:5      | Entered Level 5 of the Dungeon
  3422 | D:4      | Reached XP level 7. HP: 17/38 MP: 7/7
  3645 | D:5      | Reached skill level 10 in Crossbows
  3932 | D:5      | Noticed an ice beast
  3950 | D:5      | Killed an ice beast
  3950 | D:5      | Reached XP level 8. HP: 32/44 MP: 8/8
  4181 | D:5      | Noticed Edmund
  4248 | D:5      | Learned a level 1 spell: Corona
  4465 | D:5      | Killed Edmund
  4465 | D:5      | Reached skill level 11 in Crossbows
  5074 | D:6      | Reached skill level 1 in Throwing
  5502 | D:7      | Noticed Psiweapon's ghost (experienced KoHu)
  5542 | D:7      | HP: 3/72 [poison (a potion of poison)]
  5546 | D:7      | HP: 1/72 [poison (a potion of poison)]
  5548 | D:7      | Succumbed to poison (a potion of poison)

Action                   |  1- 3 |  4- 6 |  7- 9 || total
-------------------------+-------+-------+-------++-------
Melee: Short sword       |    12 |     9 |    56 ||    77
 Fire: Crossbow          |    40 |   133 |    99 ||   272
       Blowgun           |       |       |    26 ||    26
Throw: Tomahawk          |       |     7 |     7 ||    14
Evoke: Wand              |       |       |     7 ||     7
  Use: Scroll            |     1 |     6 |     1 ||     8
       Potion            |       |     1 |     8 ||     9
